 Dungeon Crawl Stone Soup version 0.22.1-1-ga44c0e5 (webtiles) character file.

39 Monsterracer the Insei (level 3, -2/23 HPs)
             Began as an Octopode Transmuter on Sept 25, 2018.
             Slain by a centaur (7 damage)
             ... on level 2 of the Dungeon.
             The game lasted 00:01:07 (1314 turns).

Monsterracer the Insei (Octopode Transmuter)        Turns: 1314, Time: 00:01:08

Health: -2/23      AC:  1    Str:  9    XL:     3   Next: 45%
Magic:  5/6        EV: 13    Int: 16    God:
Gold:   103        SH:  0    Dex: 12    Spells: 0/6 levels left

rFire    . . .     SeeInvis .     - Unarmed
rCold    . . .     Gourm    .   (no shield)
rNeg     . . .     Faith    .   (helmet restricted)
rPois    .         Spirit   .   n - amulet of rage
rElec    .         Reflect  .   (no ring)
rCorr    .         Harm     .   (no ring)
MR       .....                  (no ring)
Stlth    ++........             (no ring)
HPRegen  0.07/turn              (no ring)
MPRegen  0.10/turn              (no ring)
                                (no ring)
                                (no ring)

@: appendage
A: almost no armour, stealthy swim, amphibious, 8 rings, constrict 8, tentacle
spike 3, camouflage 1, gelatinous body 1
a: End Transformation, Evoke Berserk Rage


You were on level 2 of the Dungeon.
You were not hungry.
One of your tentacles had a temporary spike.
You visited 1 branch of the dungeon, and saw 2 of its levels.

You collected 103 gold pieces.

Inventory:

Missiles
 a - 21 arrows
Jewellery
 n - an amulet of rage (around mantle)
Scrolls
 b - 2 scrolls of identify {unknown}
 d - a scroll of remove curse {unknown}
 f - a scroll of random uselessness {unknown}
 h - 2 scrolls of magic mapping {unknown}
 l - a scroll of amnesia {unknown}
 m - a scroll of blinking {unknown}
Potions
 e - a potion of flight {unknown}
 g - a potion of cancellation {unknown}
 i - a potion of degeneration {unknown}
 j - 2 potions of haste {unknown}
 k - a potion of curing {unknown}
Comestibles
 c - 4 rations


   Skills:
 - Level 1.0 Fighting
 - Level 2.0 Dodging
 + Level 3.7 Unarmed Combat
 - Level 2.0 Spellcasting
 + Level 3.0 Transmutations


You couldn't memorise any spells.
You knew the following spells:

 Your Spells              Type           Power        Failure   Level  Hunger
a - Sticks to Snakes      Tmut           ##......     9%          2    ###....
c - Spider Form           Tmut/Pois      #.........   32%         3    ###....
j - Beastly Appendage     Tmut           ##....       6%          1    #......

Your spell library contained the following spells:

 Spells                   Type           Power        Failure   Level  Hunger
 Ice Form                 Ice/Tmut       #.......     73%         4    #####..
 Blade Hands              Tmut           ##........   86%         5    ######.


Dungeon Overview and Level Annotations

Branches:
Dungeon (2/15)

Altars:
Qazlal


Innate Abilities, Weirdness & Mutations

You cannot wear most types of armour.
You are very stealthy in the water. (Stealth+)
You are amphibious.
You can wear up to eight rings at the same time.
You can use your tentacles to constrict eight enemies at once.
Your skin changes colour to match your surroundings (Stealth+).
Your rubbery body absorbs attacks. (AC +1, EV +1)
One of your tentacles bears a large vicious spike.


Message History

You constrict the jackal, but do no damage.
The jackal closely misses you.
You tentacle-slap the jackal but do no damage.
You tentacle-slap the jackal, but do no damage.
The jackal is severely wounded.
You constrict the jackal.
You kill the jackal!
Your transformation is almost over.
Your tentacle spike disappears.
You see here a jackal corpse.
Done exploring.
Health restored: 23; MP restored: 6 Done exploring.
You open the door.
There is an open door here.
You open the door.
There is an open door here.
There is an escape hatch in the floor here.
Really go through this one-way escape hatch?
Really go through this one-way escape hatch?
You slide downwards.
The hatch slams shut behind you.
A dart slug comes into view.
Found a coppery potion, 15 gold pieces and 3 needles of paralysis.
Found a stone staircase leading up.
The helpless dart slug fails to defend itself.
You tentacle-slap the dart slug. Your grab misses the dart slug.
The dart slug is heavily wounded.
The dart slug bites you.
You take 2 damage, and have 21/23 hp.
You tentacle-slap the dart slug. You grab the dart slug.
The dart slug is severely wounded.
You constrict the dart slug. The dart slug bites you.
You take 2 damage, and have 19/23 hp.
You tentacle-slap the dart slug.
You kill the dart slug!
Your Transmutations skill increases to level 3!
HP restored.
You now have 79 gold pieces (gained 5).
Key pressed, stopping explore.
You see here a dart slug corpse.
You now have 89 gold pieces (gained 10).
b - 2 scrolls labeled YTADGH ZUTSEWUHAJ (gained 1)
l - a scroll labeled TUVUGO RUFOMO Health restored: 23
Found a short sword.
m - a scroll labeled YCZUOM IZADOL
j - 2 coppery potions (gained 1)
You now have 103 gold pieces (gained 14).
Found 18 sling bullets.
Casting: Beastly Appendage (safe; 6% risk of failure)
Confirm with . or Enter, or press ? or * to list all spells.
One of your tentacles grows a vicious spike.
You now have 5/6 mp.
Your transformation is almost over.
Magic restored.
Found a stone staircase leading up.
MP restored: 6
Found a stone staircase leading down.
c - 4 rations (gained 1)
Your tentacle spike disappears.
n - a dented emerald amulet A kobold comes into view.
It is wielding a whip.
Found 8 gold pieces.
Put on which piece of jewellery? (? for menu, Esc to quit)
n - an amulet of rage (around mantle)
The kobold shouts!
You hear a shout!
Casting: Beastly Appendage (safe; 6% risk of failure)
Confirm with . or Enter, or press ? or * to list all spells.
One of your tentacles grows a vicious spike.
The kobold barely misses you.
You now have 5/6 mp.
You tentacle-slap the kobold.
You kill the kobold!
A centaur comes into view.
Found a stormy altar of Qazlal.
Found a stone staircase leading down.
Things that are here:
a whip; a kobold corpse You tentacle-slap the centaur.
The centaur is lightly wounded.
The centaur barely misses you. x2
A hobgoblin comes into view. It is wielding a club.
The centaur hits you!
You take 10 damage, and have 13/23 hp.
MASSIVE DAMAGE!!
There are monsters nearby!
You tentacle-slap the centaur.
The centaur is lightly wounded.
The centaur hits you.
You take 1 damage, and have 12/23 hp.
You tentacle-slap the centaur but do no damage.
Your tentacle spike misses the centaur.
The centaur is lightly wounded.
The centaur hits you!
* * * LOW HITPOINT WARNING * * *
The centaur closely misses you.
You take 7 damage, and have 5/23 hp.
MASSIVE DAMAGE!!
You tentacle-slap the centaur but do no damage.
You pierce the centaur, but do no damage.
The centaur is lightly wounded.
The centaur hits you!
You die...

#######################
......................>
###############)######
#.## #c@# ##.# ...
g.... ....$.. ...._....
.#.......## ..##.....##


You could see a centaur and a hobgoblin.

Vanquished Creatures
  An ooze (D:1)
  A dart slug (D:2)
  A giant cockroach (D:1)
  A goblin (D:1)
  3 hobgoblins (D:1)
  10 jackals (D:1)
  5 bats (D:1)
  4 kobolds
  2 rats (D:1)
28 creatures vanquished.

Notes
Turn   | Place    | Note
-------+----------+-------------------------------------------
     0 | D:1      | Monsterracer the Octopode Transmuter began the quest for
                  | the Orb.
     0 | D:1      | Reached XP level 1. HP: 13/13 MP: 3/3
   145 | D:1      | Reached XP level 2. HP: 14/18 MP: 1/5
   149 | D:1      | Learned a level 2 spell: Sticks to Snakes
   428 | D:1      | HP: 9/18 [jackal (2)]
   589 | D:1      | Reached XP level 3. HP: 23/23 MP: 4/6
   594 | D:1      | Learned a level 3 spell: Spider Form
  1308 | D:2      | Found a stormy altar of Qazlal.
  1308 | D:2      | Noticed a centaur
  1313 | D:2      | HP: 5/23 [centaur (7)]
  1314 | D:2      | Slain by a centaur

Skill      XL: |  1  2  3 |
---------------+----------+-----
Transmutations | 3 |  3.0
Fighting       | |  1.0
Dodging        | |  2.0
Unarmed Combat | |  3.7
Spellcasting   | |  2.0

Action                   || total
-------------------------++-------
Melee: Unarmed           ||    71
       Tentacles         ||    13
       Constrict         ||    20
       Kick              ||    14
       Punch             ||     1
 Cast: Beastly Appendage ||    11
 Stab: Sleeping          ||     3
  Eat: Chunk             ||     1
Armor: Skin              ||     7
Dodge: Dodged            ||    56

Vault maps used:
D:1:      dpeg_arrival_refuge
D:2:      lemuel_round_altar, first_ration
